AoeStats
← Ferkus

Arena

508110705Analyzed
3v3 RM · 12d ago on Sep 20, 2026· 48m 26s· 6 players
Game mode
Random Map
Map size
Normal (6 player)
Population
200
Speed
Normal
Resources
Standard
Victory
Conquest
Starting age
Dark Age
Ending age
Imperial Age
RankedLock teamsTeams togetherTeam positionsShared explorationLock speedFull tech treeHidden civsTurbo modeCheats
Victory
Defeat
🇲🇽 Cumans · Mexico
1240
+16
🇲🇽 Gurjaras · Mexico
1234
+16
🇨🇦 Celts · Canada
1170
+18
🇦🇷 Koreans · Argentina
1292
-19
🇦🇷 Spanish · Argentina
1226
-17
🇦🇷 Khmer · Argentina
1168
-14
gelas14
9:38 Feudal Age
8:31 Loom
10:24 Double-Bit Axe
11:45 Fletching
12:16 Town Watch
19:19 Castle Age
20:18 Bow Saw
26:34 Wheelbarrow
27:26 Horse Collar
32:34 Imperial Age
32:05 Bodkin Arrow
37:14 Bracer
38:54 Ballistics
42:24 Chemistry
42:15 Siege Engineers
45:03 Conscription
46:46 Coinage
46:34 Heavy Plow
47:37 Two-Man Saw
46:06 Elite War Wagon
47:43 Masonry
GedetongaXIX
10:49 Feudal Age
13:53 Castle Age
11:59 Horse Collar
12:29 Double-Bit Axe
15:48 Loom
22:55 Bloodlines
26:04 Husbandry
27:00 Scale Barding Armor
28:40 Murder Holes
29:06 Ballistics
29:51 Heavy Plow
36:26 Fletching
37:33 Devotion
42:10 Imperial Age
40:57 Chain Barding Armor
40:48 Forging
43:36 Plate Barding Armor
43:26 Light Cavalry
45:03 Iron Casting
46:43 Hussar
47:36 Bodkin Arrow
49:16 Blast Furnace
Ferkus
11:56 Feudal Age
15:49 Castle Age
13:53 Double-Bit Axe
13:53 Horse Collar
15:14 Gold Mining
15:17 Stone Mining
15:19 Gold Mining
15:23 Loom
15:53 Padded Archer Armor
16:57 Bow Saw
18:13 Fervor
21:32 Town Watch
24:45 Fletching
27:43 Heavy Plow
29:22 Sanctity
29:23 Bloodlines
29:14 Husbandry
29:12 Bodkin Arrow
31:30 Ballistics
31:22 Masonry
33:36 Scale Barding Armor
37:35 Imperial Age
38:25 Wheelbarrow
37:51 Town Patrol
38:13 Elite Conquistador
39:36 Elite Skirmisher
40:21 Thumb Ring
42:19 Chain Barding Armor
42:17 Leather Archer Armor
42:02 Bracer
44:13 Onager
44:14 Capped Ram
CapitanRexMx
9:15 Feudal Age
9:49 Double-Bit Axe
10:31 Horse Collar
20:37 Castle Age
19:10 Man-at-Arms
19:35 Arson
20:56 Scale Mail Armor
21:06 Forging
20:48 Long Swordsman
21:29 Squires
24:01 Wheelbarrow
23:12 Town Watch
23:13 Loom
23:54 Capped Ram
26:24 Pikeman
28:04 Chain Mail Armor
30:51 Bow Saw
30:42 Heavy Plow
31:23 Hand Cart
33:40 Imperial Age
33:52 Iron Casting
34:05 Halberdier
35:17 Plate Mail Armor
35:48 Blast Furnace
36:27 Two-Man Saw
36:51 Siege Ram
37:23 Fletching
37:33 Padded Archer Armor
38:47 Conscription
39:07 Hoardings
40:48 Bodkin Arrow
41:08 Leather Archer Armor
46:41 Gold Mining
46:41 Stone Mining
49:06 Ring Archer Armor
arky8a
10:31 Feudal Age
11:44 Loom
14:21 Castle Age
14:27 Fletching
15:49 Scale Barding Armor
17:20 Loom
20:31 Horse Collar
20:46 Double-Bit Axe
25:23 Bloodlines
25:38 Chain Barding Armor
25:29 Forging
28:41 Iron Casting
30:49 Heavy Plow
31:16 Husbandry
31:52 Gold Mining
32:37 Bodkin Arrow
32:43 Padded Archer Armor
33:16 Thumb Ring
33:34 Ballistics
37:17 Leather Archer Armor
37:30 Stone Mining
38:17 Gold Shaft Mining
38:23 Redemption
38:46 Bow Saw
41:46 Imperial Age
38:52 Elite Skirmisher
40:51 Wheelbarrow
42:37 Hand Cart
42:50 Frontier Guards
43:08 Plate Barding Armor
42:34 Bracer
42:19 Heavy Camel Rider
43:26 Light Cavalry
44:57 Stone Shaft Mining
44:13 Elite Elephant Archer
47:13 Scale Mail Armor
47:11 Town Watch
alexmavrovic
10:03 Feudal Age
10:57 Loom
14:50 Castle Age
17:45 Double-Bit Axe
20:48 Horse Collar
21:01 Pikeman
30:15 Wheelbarrow
33:32 Imperial Age
31:49 Scale Mail Armor
32:35 Forging
32:38 Bow Saw
32:29 Heavy Plow
32:21 Gold Mining
34:13 Chain Mail Armor
35:38 Fletching
36:24 Bodkin Arrow
37:22 Gold Shaft Mining
40:42 Elite Skirmisher
43:46 Chemistry
43:42 Plate Mail Armor
44:26 Hand Cart
44:03 Stone Mining
44:35 Padded Archer Armor
45:30 Iron Casting
44:47 Onager
45:17 Halberdier
46:30 Siege Engineers
Connection lost

Rejoining the realm…

Still unreachable

The connection could not be restored.

Session expired

The server has moved on; the page needs a fresh start.